AoeStats
← Altria

Black Forest

504174201Analyzed
4v4 RM · 29d ago on Sep 4, 2026· 27m 51s· 8 players
Game mode
Random Map
Map size
Large (8 player)
Population
200
Speed
Normal
Resources
Standard
Victory
Conquest
Starting age
Dark Age
Ending age
Imperial Age
RankedLock teamsTeams togetherTeam positionsShared explorationLock speedFull tech treeHidden civsTurbo modeCheats
Victory
Defeat
🇦🇹 Teutons · Austria
851
+4
🇦🇷 Chinese · Argentina
776
+6
🇻🇳 Portuguese · Vietnam
767
+6
🇺🇸 Khmer · United States
749
+12
🇮🇳 Turks · India
607
-8
🇲🇽 Goths · Mexico
542
-6
🇬🇧 Burmese · United Kingdom
478
-5
🇺🇸 Japanese · United States
419
-3
Sir Rubo
0:42 Loom
16:45 Feudal Age
18:04 Double-Bit Axe
20:44 Castle Age
22:11 Stone Mining
23:15 Bow Saw
23:42 Gold Mining
24:30 Stone Shaft Mining
26:11 Caravan
direoa01
0:36 Loom
13:23 Feudal Age
15:16 Wheelbarrow
14:34 Horse Collar
21:12 Fishing Lines
28:04 Castle Age
27:00 Arson
26:36 Man-at-Arms
Dispenser goes here still
3:44 Loom
27:09 Feudal Age
s1R1Us
15:32 Feudal Age
16:04 Horse Collar
16:12 Double-Bit Axe
19:25 Gold Mining
19:53 Stone Mining
23:28 Castle Age
23:15 Forging
23:15 Scale Barding Armor
kakao_
1:11 Loom
11:39 Feudal Age
15:10 Wheelbarrow
14:47 Double-Bit Axe
17:37 Town Watch
22:11 Castle Age
20:28 Stone Mining
20:20 Horse Collar
21:05 Arson
24:21 Bow Saw
26:04 Gold Mining
26:23 Fletching
BasicOrc4106
2:10 Loom
13:47 Feudal Age
14:55 Horse Collar
15:55 Gold Mining
18:22 Castle Age
17:43 Double-Bit Axe
18:01 Stone Mining
21:03 Bow Saw
23:41 Stone Shaft Mining
24:15 Town Watch
25:06 Wheelbarrow
26:36 Heavy Plow
28:36 Hand Cart
林归于凤
0:42 Loom
11:50 Feudal Age
12:15 Double-Bit Axe
12:12 Horse Collar
13:09 Wheelbarrow
17:13 Gold Mining
20:00 Castle Age
18:44 Fletching
22:22 Caravan
24:02 Hand Cart
23:48 Bodkin Arrow
24:04 Squires
25:01 Gold Shaft Mining
24:42 Bow Saw
27:22 Heavy Plow
27:32 Arson
27:54 Stone Mining
Altria
13:47 Feudal Age
19:47 Castle Age
18:20 Double-Bit Axe
18:18 Horse Collar
19:34 Forging
22:51 Wheelbarrow
24:31 Bow Saw
27:49 Pikeman
Connection lost

Rejoining the realm…

Still unreachable

The connection could not be restored.

Session expired

The server has moved on; the page needs a fresh start.